 Dungeon Crawl Stone Soup version 0.17.0-24-gcfadda4 (webtiles) character file.

38 Gargoyl the Skirmisher (level 3, -7/43 HPs)
             Began as a Demonspawn Abyssal Knight on Nov 17, 2015.
             Was a Follower of Lugonu.
             Mangled by Crazy Yiuf
             ... wielding a +3 quarterstaff of chaos
              (10 damage)
             ... on level 2 of the Dungeon.
             The game lasted 00:02:39 (1523 turns).

Gargoyl the Skirmisher (Demonspawn Abyssal Knight)  Turns: 1523, Time: 00:02:39

Health: -7/43      AC:  6    Str: 18    XL:     3   Next: 25%
Magic:  5/5        EV:  9    Int: 13    God:    Lugonu [*.....]
Gold:   107        SH:  0    Dex: 12    Spells: 0 memorised, 2 levels left

rFire  . . .     SeeInvis .     a - +1 hand axe
rCold  . . .     Clarity  .     h - +0 scale mail
rNeg   . . .     SustAt   .     (no shield)
rPois  .         Gourm    .     (helmet restricted)
rElec  +         Spirit   .     (no cloak)
rCorr  .         Warding  .     (no gloves)
rMut   .         Stasis   .     (no boots)
MR     .....                    d - amulet of rage
Stlth  ..........               (no ring)
                                (no ring)

@: berserking, lethally poisoned (-7 -> -19), drained, very quick, not resistant
to hostile enchantments, extremely unstealthy
A: horns 1, demonic guardian 1, electricity resistance, slow regeneration 1
a: Depart the Abyss, Renounce Religion, Evoke Berserk Rage


You were on level 2 of the Dungeon.
You worshipped Lugonu.
Lugonu was aware of your devotion.
You were not hungry.

You visited 1 branch of the dungeon, and saw 2 of its levels.
You visited the Abyss 1 time.

You collected 107 gold pieces.

Inventory:

Hand Weapons
 a - a +1 hand axe (weapon)
Armour
 h - a +0 scale mail (worn)
Jewellery
 d - an amulet of rage (around neck)
Scrolls
 b - a scroll of remove curse {unknown}
 e - a scroll of fear {unknown}
 j - a scroll of random uselessness {unknown}
Potions
 f - a potion of mutation
Comestibles
 g - a meat ration
 i - a beef jerky


   Skills:
 + Level 3.5(3.3) Fighting
 + Level 2.1(1.9) Axes
 + Level 2.0(1.7) Armour
 + Level 1.2(1.0) Dodging
 + Level 3.0(2.8) Invocations


You had 2 spell levels left.
You didn't know any spells.

Dungeon Overview and Level Annotations

Branches:
Dungeon (2/15)

Altars:

Annotations:
D:2 Crazy Yiuf


Innate Abilities, Weirdness & Mutations

You have a pair of small horns on your head.
A weak demonic guardian rushes to your aid.
You are resistant to electric shocks.
You regenerate slowly when monsters are visible.


Message History

Deactivating autopickup; reactivate with Ctrl-A.
Something hits you.
You feel drained. Something hits you!
You hit something. Something hits you but does no damage.
You closely miss something. Something hits you!
* * * LOW HITPOINT WARNING * * *
You are lethally poisoned!
Drink which item? (? for menu, Esc to quit)
It was a potion of mutation.
You feel extremely strange.
You feel insulated.
Your natural regeneration is weakened.
* * * LOW HITPOINT WARNING * * *
You feel sick. Something hits you.
* * * LOW HITPOINT WARNING * * *
A red film seems to cover your vision as you go berserk!
You feel yourself moving faster!
You feel mighty!
You miss something. Something hits you but does no damage.
You barely miss something.
* * * LOW HITPOINT WARNING * * *
You feel sick. Something hits you!
You die...

### ### .)# .)# ).
.# ♣♣.♣ ♣@♣ ♣♣.♣
♣.♣♣ ♣♣.♣♣ ♣...♣♣
##### ♣....♣ #...###
##..##
#######.#...###....#
..........#........#


There were no monsters in sight!

Vanquished Creatures
  An adder (D:2)
  A worm (D:2)
  4 bats (D:1)
  2 giant cockroaches (D:1)
  6 hobgoblins
  A kobold (D:1)
  A ball python (D:1)
  A giant newt (D:1)
  6 goblins
  2 rats (D:1)
25 creatures vanquished.

Notes
Turn   | Place    | Note
--------------------------------------------------------------
     0 | Abyss:1  | Gargoyl the Demonspawn Abyssal Knight began the quest for the Orb.
     0 | Abyss:1  | Reached XP level 1. HP: 18/18 MP: 2/2
    51 | Abyss:1  | Noticed a small abomination
   125 | Abyss:1  | Noticed a wretched star
   126 | D:1      | Escaped the Abyss
   520 | D:1      | Gained mutation: You have a pair of small horns on your head. [demonic ancestry]
   520 | D:1      | Reached XP level 2. HP: 24/24 MP: 4/4
   654 | D:1      | Reached * piety under Lugonu
   735 | D:1      | Reached skill level 1 in Dodging
  1111 | D:2      | Gained mutation: A weak demonic guardian rushes to your aid. [demonic ancestry]
  1111 | D:2      | Reached XP level 3. HP: 12/29 MP: 5/5
  1511 | D:2      | Noticed Crazy Yiuf
  1521 | D:2      | Gained mutation: You are resistant to electric shocks. [potion of mutation]
  1521 | D:2      | Gained mutation: You regenerate slowly when monsters are visible. [potion of mutation]
  1523 | D:2      | Mangled by Crazy Yiuf

Action                   || total
-------------------------++-------
Melee: Hand axe          ||    94
Invok: Depart the Abyss  ||     1
  Use: Potion            ||     1
  Eat: Bread ration      ||     1
